 Dungeon Crawl Stone Soup version 0.28.0-43-g3370ac3207 (webtiles) character file.

Game seed: 12578981012790644629

105 styxcanada the Sneak (level 4, -1/23 HPs)
             Began as a Spriggan Brigand on Mar 20, 2022.
             Slain by a hornet zombie (11 damage)
             ... on level 4 of the Dungeon.
             The game lasted 00:11:35 (4498 turns).

styxcanada the Sneak (Spriggan Brigand)             Turns: 4498, Time: 00:11:36

Health: -1/23      AC:  3    Str:  7    XL:     4   Next: 53%
Magic:  5/5        EV: 17    Int: 12    God:
Gold:   137        SH:  0    Dex: 18    Spells: 3/3 levels left

rFire   . . .      SeeInvis +   a - +2 dagger
rCold   . . .      Faith    .   (no shield)
rNeg    . . .      Spirit   .   b - +0 robe
rPois   .          Reflect  .   (helmet restricted)
rElec   .          Harm     .   c - +0 cloak
rCorr   .          Rampage  .   (gloves unavailable)
Will    .....                   (boots unavailable)
Stlth   ++++......              (no amulet)
HPRegen 0.07/turn               (no ring)
MPRegen 0.09/turn               (no ring)

@: very quick
A: very small, no large weapons, unfitting armour, see invisible, speed 3
a: no special abilities


You were on level 4 of the Dungeon.
You visited 1 branch of the dungeon, and saw 4 of its levels.

You collected 137 gold pieces.

Inventory:

Hand Weapons
 a - a +2 dagger (weapon)
Missiles
 d - 2 poisoned darts (quivered)
 e - 2 curare-tipped darts
 i - 36 stones
Armour
 b - a +0 robe (worn)
 c - a +0 cloak (worn)
Magical Staves
 m - a staff of conjuration
Jewellery
 f - a ring of resist corrosion
Potions
 g - a potion of might {unknown}
 h - 2 potions of lignification
 j - 2 potions of flight
 k - a potion of cancellation {unknown}
 l - a potion of magic {unknown}
 n - a potion of heal wounds {unknown}


   Skills:
 + Level 1.7 Fighting
 + Level 3.3 Short Blades
 + Level 2.4 Throwing
 + Level 2.1 Dodging
 + Level 7.5 Stealth


You had 3 spell levels left.
You didn't know any spells.
Your spell library was empty.

Dungeon Overview and Level Annotations

Branches:
Dungeon (4/15)
 Temple: D:4-7

Altars:


Innate Abilities, Weirdness & Mutations

You are very small and have problems with some larger weapons.
You are too small for most types of armour.
You have supernaturally acute eyesight. (SInv)
You cover ground extremely quickly. (Speed+++)


Message History

You throw a poisoned dart.
The poisoned dart hits the hornet zombie.
The hornet zombie is lightly damaged.
Found a scroll labelled HUIMYN ENULAMP.
Throw: 7 darts (poison)
Press: ? - help, Q - select action, (/) - cycle Shift-Dir - straight line, f/p - hornet zombie
Aim: a hornet zombie (lightly damaged, 65% to hit)
You throw a poisoned dart.
The poisoned dart hits the hornet zombie.
The hornet zombie is lightly damaged.
Throw: 6 darts (poison)
Press: ? - help, Q - select action, (/) - cycle Shift-Dir - straight line, f/p - hornet zombie
Aim: a hornet zombie (lightly damaged, 65% to hit)
You throw a poisoned dart.
The poisoned dart barely misses the hornet zombie.
Unknown command.
You see here a poisoned dart.
Throw: 5 darts (poison)
Press: ? - help, Q - select action, (/) - cycle Shift-Dir - straight line, f/p - hornet zombie
Aim: a hornet zombie (lightly damaged, 65% to hit)
You throw a poisoned dart.
The poisoned dart closely misses the hornet zombie.
Throw: 4 darts (poison)
Press: ? - help, Q - select action, (/) - cycle Shift-Dir - straight line, f/p - hornet zombie
Aim: a hornet zombie (lightly damaged, 65% to hit)
You throw a poisoned dart.
The poisoned dart hits the hornet zombie.
The hornet zombie is lightly damaged.
The hornet zombie hits you!
There is a stone staircase leading up, spattered with blood here.
You see here a black potion.
g - a black potion Throw: 3 darts (poison)
Press: ? - help, Q - select action, (/) - cycle Shift-Dir - straight line, f/p - hornet zombie
Aim: a hornet zombie (lightly damaged, 65% to hit)
You throw a poisoned dart.
The poisoned dart hits the hornet zombie.
The hornet zombie is lightly damaged.
The hornet zombie hits you!
You die...

.....#.................
........#..............
#.....# #....#........
#.....###.............
. #...#.##.....((.....
#.##......<......(....
#.>#...[.............#
#.##................#
##...@Z(........##...#
##..<.......#........##
#..............#....##
##....#........##...##
#.....#........######
#.)...........##
##..#.........#
#....##......###
##...#........#


You could see a hornet zombie.

Vanquished Creatures
  4 adders
  A worm (D:2)
  2 dart slugs
  7 ball pythons
  2 bats (D:2)
  6 endoplasms
  4 giant cockroaches
  5 goblins
  5 hobgoblins (D:3)
  4 quokkas
  6 frilled lizards
  7 kobolds
  3 rats
56 creatures vanquished.

Notes
Turn   | Place    | Note
-------+----------+-------------------------------------------
     0 | D:1      | styxcanada the Spriggan Brigand began the quest for the
                  | Orb.
     0 | D:1      | Reached XP level 1. HP: 10/10 MP: 2/2
    64 | D:1      | Reached skill level 6 in Stealth
   588 | D:1      | Reached XP level 2. HP: 14/14 MP: 3/3
  1302 | D:2      | Reached XP level 3. HP: 9/18 MP: 4/4
  1724 | D:2      | Reached skill level 7 in Stealth
  2141 | D:2      | Found a faded altar of an unknown god.
  2725 | D:3      | Reached XP level 4. HP: 23/23 MP: 5/5
  4498 | D:4      | Slain by a hornet zombie

Illustrated notes

Levels and vault maps discovered:
D:1:      mrwooster_arrival_statue_3, layout_loops_ring, chequers_garden
D:2:      layout_loops_corners, hellmonk_ecumenical_altar_heavens_door
D:3:      minmay_general_purpose_star, layout_loops_corners
D:4:      layout_cave_pools, xom_teletrap_fun, minmay_ogre_servants

Skill      XL: |  1  2  3  4 |
---------------+-------------+-----
Stealth        | 6 7 |  7.5
Short Blades   | 3 |  3.3
Dodging        | 2 |  2.1
Fighting       | |  1.7
Throwing       | |  2.4

Action                   |  1- 3 |  4- 6 || total
-------------------------+-------+-------++-------
Melee: Dagger            |   121 |    53 ||   174
       Punch             |     3 |     1 ||     4
Throw: Dart              |    26 |     7 ||    33
  Use: Scroll            |       |     5 ||     5
       Potion            |       |     1 ||     1
 Stab: Sleeping          |    11 |     8 ||    19
Armor: Robe              |    20 |     6 ||    26
       Skin              |       |     2 ||     2
Dodge: Dodged            |    77 |    26 ||   103
